AAA
INLAND EMPIRE 66ERS @ SACRAMENTO RIVER CATS
06/05/2052
 
TOP OF THE 1ST
Tacoma Rainiers batting - Pitching for Tucson Sidewinders : RHP Norris Greenspan
Pitching: RHP Norris Greenspan
Batting: RHB Jacob Cole 0-0: Ball
1-0: Called Strike
1-1: Bunted foul
1-2: Ball
2-2: Foul Ball, location: 2F
2-2: Ground out 4-3 (Groundball, 34, EV 105.0 MPH)
Batting: RHB James Kosub 0-0: Foul Ball, location: 2F
0-1: Ball
1-1: DOUBLE (Line Drive, 89D, EV 98.1 MPH)
Batting: LHB Owen Chandler 0-0: Ball
1-0: Called Strike
1-1: Swinging Strike
1-2: Ball
2-2: Strikes out swinging
Batting: LHB Peter Haynes 0-0: Foul Ball, location: 23FF
0-1: Ground out 6-3 (Groundball, 56, EV 83.8 MPH)
Top of the 1st over - 0 runs, 1 hit, 0 errors, 1 left on base; Tacoma 0 - Tucson 0
BOTTOM OF THE 1ST
Tucson Sidewinders batting - Pitching for Tacoma Rainiers : RHP Bill Lingenfelter
Pitching: RHP Bill Lingenfelter
Batting: LHB Logan McDaniel 0-0: Ball
1-0: Ball
2-0: Ball
3-0: Base on Balls
Batting: RHB Omar Soria 0-0: Ball
Logan McDaniel steals 2nd base
1-0: Ball
2-0: Ball
3-0: Called Strike
3-1: Base on Balls
Batting: RHB Gael Rumley 0-0: Ball
1-0: Swinging Strike
1-1: Called Strike
1-2: Fly out, F9 (Flyball, 9LSF, EV 79.4 MPH)
Batting: LHB Rob Ferro 0-0: Ball
1-0: Called Strike
1-1: Ball
2-1: SINGLE (Groundball, 25, EV 68.1 MPH) (infield hit)
Logan McDaniel to third
Omar Soria to second
Batting: RHB Nitz George 0-0: SINGLE (Flyball, 89S, EV 95.0 MPH)
Logan McDaniel scores
Omar Soria to third
Rob Ferro to second
Batting: RHB Angus Marvin 0-0: Ball
1-0: Grounds into fielders choice 3-2 (Groundball, 34, EV 109.4 MPH)
Rob Ferro to third
Nitz George to second
Batting: RHB Mark Christensen 0-0: Foul Ball, location: 25FF
0-1: Foul Ball, location: 9LDF
0-2: Ball
1-2: Ball
2-2: Strikes out swinging
Bottom of the 1st over - 1 run, 2 hits, 0 errors, 3 left on base; Tacoma 0 - Tucson 1
TOP OF THE 2ND
Tacoma Rainiers batting - Pitching for Tucson Sidewinders : RHP Norris Greenspan
Batting: RHB Jagger Macon 0-0: Ball
1-0: Foul Ball, location: 9LMF
1-1: Ball
2-1: Swinging Strike
2-2: Ball
3-2: SINGLE (Groundball, 34D, EV 94.4 MPH)
Batting: LHB Cyprian Perkins 0-0: Swinging Strike
0-1: Foul Ball, location: 7LSF
0-2: Ball
1-2: Foul Ball, location: 2F
1-2: Ball
2-2: Foul Ball, location: 2F
2-2: Strikes out swinging
Batting: LHB Hugh Vidal 0-0: Called Strike
0-1: Called Strike
0-2: SINGLE (Groundball, 6S, EV 65.0 MPH) (infield hit)
Jagger Macon to second
Batting: SHB Hugo Castillo 0-0: Foul Ball, location: 5FF
0-1: SINGLE (Flyball, 9LS, EV 89.4 MPH)
Jagger Macon to third
Hugh Vidal to second
Batting: SHB David Aoki 0-0: Swinging Strike
0-1: Ball
1-1: Ball
2-1: SINGLE (Line Drive, 4MD, EV 100.6 MPH)
Jagger Macon scores
Hugh Vidal to third
Hugo Castillo to second
Batting: RHB Jacob Cole 0-0: Ball
1-0: Ball
2-0: Fly out, F8 (Flyball, 78M, EV 89.4 MPH)
Runner from 3rd tags up, OUT at HOME! 8-2
Top of the 2nd over - 1 run, 4 hits, 0 errors, 2 left on base; Tacoma 1 - Tucson 1
BOTTOM OF THE 2ND
Tucson Sidewinders batting - Pitching for Tacoma Rainiers : RHP Bill Lingenfelter
Batting: RHB Donato Deffenu 0-0: Ball
1-0: Swinging Strike
1-1: Foul Ball, location: 2F
1-2: Foul Ball, location: 2F
1-2: Ball
2-2: Strikes out swinging
Batting: RHB Bobby Illsley 0-0: Foul Ball, location: 2F
0-1: Swinging Strike
0-2: Ball
1-2: Foul Ball, location: 2F
1-2: Ball
2-2: Strikes out looking
Batting: LHB Logan McDaniel 0-0: Ball
1-0: Ball
2-0: Called Strike
2-1: Called Strike
2-2: Strikes out swinging
Bottom of the 2nd over - 0 runs, 0 hits, 0 errors, 0 left on base; Tacoma 1 - Tucson 1
TOP OF THE 3RD
Tacoma Rainiers batting - Pitching for Tucson Sidewinders : RHP Norris Greenspan
Batting: RHB James Kosub 0-0: Called Strike
0-1: Ball
1-1: Ground out 4-3 (Groundball, 4, EV 86.3 MPH)
Batting: LHB Owen Chandler 0-0: Called Strike
0-1: Fly out, F8 (Flyball, 8RD, EV 100.0 MPH)
Batting: LHB Peter Haynes 0-0: Ball
1-0: SINGLE (Line Drive, 7S, EV 91.3 MPH)
Batting: RHB Jagger Macon 0-0: Ball
1-0: Ball
2-0: Ball
3-0: Base on Balls
Peter Haynes to second
Batting: LHB Cyprian Perkins 0-0: Ball
1-0: Fly out, F5 (Line Drive, 5, EV 68.1 MPH)
Top of the 3rd over - 0 runs, 1 hit, 0 errors, 2 left on base; Tacoma 1 - Tucson 1
BOTTOM OF THE 3RD
Tucson Sidewinders batting - Pitching for Tacoma Rainiers : RHP Bill Lingenfelter
Batting: RHB Omar Soria 0-0: Ball
1-0: Ball
2-0: Ball
3-0: Called Strike
3-1: Called Strike
3-2: Fly out, F2 (Popup, 2RF, EV 83.1 MPH)
Batting: RHB Gael Rumley 0-0: Ball
1-0: Ground out 5-3 (Groundball, 56, EV 100.6 MPH)
Batting: LHB Rob Ferro 0-0: Ball
1-0: Ball
2-0: Ball
3-0: Foul Ball, location: 2F
3-1: Base on Balls
Batting: RHB Nitz George 0-0: Ball
1-0: Called Strike
1-1: Foul Ball, location: 3SF
1-2: Ball
2-2: Foul Ball, location: 2F
2-2: Foul Ball, location: 9LMF
2-2: Ball
3-2: DOUBLE (Groundball, 5L, EV 100.0 MPH)
Rob Ferro to third
Rob Ferro scores
Batting: RHB Angus Marvin 0-0: SINGLE (Line Drive, 56, EV 96.3 MPH)
Nitz George to third
Runner from 3rd tries for Home, SAFE, throw by LF to home
Batting: RHB Mark Christensen 0-0: Foul Ball, location: 2F
0-1: Ball
1-1: Swinging Strike
1-2: Strikes out swinging
Bottom of the 3rd over - 2 runs, 2 hits, 0 errors, 1 left on base; Tacoma 1 - Tucson 3
TOP OF THE 4TH
Tacoma Rainiers batting - Pitching for Tucson Sidewinders : RHP Norris Greenspan
Batting: LHB Hugh Vidal 0-0: Ball
1-0: Ball
2-0: Ball
3-0: Base on Balls
Batting: SHB Hugo Castillo 0-0: Ball
1-0: Ball
2-0: Ball
3-0: Called Strike
3-1: Fly out, F9 (Line Drive, 9S, EV 94.4 MPH)
Batting: SHB David Aoki 0-0: Called Strike
0-1: Fly out, F8 (Flyball, 8LM, EV 91.3 MPH)
Batting: RHB Jacob Cole 0-0: Bunted foul
0-1: Hit by Pitch
Hugh Vidal to second
Batting: RHB James Kosub 0-0: Ball
1-0: Fly out, F8 (Flyball, 8RD, EV 92.5 MPH)
Top of the 4th over - 0 runs, 0 hits, 0 errors, 2 left on base; Tacoma 1 - Tucson 3
BOTTOM OF THE 4TH
Tucson Sidewinders batting - Pitching for Tacoma Rainiers : RHP Bill Lingenfelter
Batting: RHB Donato Deffenu 0-0: Ball
1-0: Ball
2-0: Foul Ball, location: 9LSFF
2-1: SINGLE (Flyball, 3D, EV 83.8 MPH)
Batting: RHB Bobby Illsley 0-0: Ball
1-0: Called Strike
1-1: Sac Bunt to 15 - play at first, batter OUT! 1-3
Donato Deffenu to second
Batting: LHB Logan McDaniel 0-0: Called Strike
0-1: Called Strike
0-2: Ball
1-2: Ball
2-2: Ground out 4-3 (Groundball, 4S, EV 101.3 MPH)
Donato Deffenu to third
Batting: RHB Omar Soria 0-0: Ball
1-0: Ball
2-0: Called Strike
2-1: Swinging Strike
2-2: Ball
3-2: Strikes out swinging
Bottom of the 4th over - 0 runs, 1 hit, 0 errors, 1 left on base; Tacoma 1 - Tucson 3
TOP OF THE 5TH
Tacoma Rainiers batting - Pitching for Tucson Sidewinders : RHP Norris Greenspan
Batting: LHB Owen Chandler 0-0: Ball
1-0: Called Strike
1-1: Ball
2-1: Ball
3-1: Base on Balls
Batting: LHB Peter Haynes 0-0: Ball
1-0: Foul Ball, location: 23F
1-1: Swinging Strike
1-2: Ball
2-2: SINGLE (Line Drive, 8RS, EV 99.4 MPH)
Owen Chandler to second
Batting: RHB Jagger Macon 0-0: Ball
1-0: Swinging Strike
1-1: SINGLE (Line Drive, 89S, EV 98.1 MPH)
Owen Chandler to third
Peter Haynes to second
Batting: LHB Cyprian Perkins 0-0: Called Strike
0-1: Ball
1-1: Ball
2-1: SINGLE (Groundball, 6MD, EV 106.3 MPH)
Owen Chandler scores
Peter Haynes to third
Jagger Macon to second
Runner from 3rd tries for Home, SAFE, throw by CF to home
Pitching: RHP Rascoe Montenegro
Batting: LHB Hugh Vidal 0-0: Swinging Strike
0-1: Ball
1-1: Ball
2-1: Fielders Choice at 2nd, 2-4 (Groundball, 2L, EV 70.0 MPH)
Jagger Macon to third
Batting: SHB Hugo Castillo 0-0: Called Strike
0-1: Fly out, F9 (Line Drive, 9S, EV 100.6 MPH)
Batting: SHB David Aoki 0-0: Foul Ball, location: 23FF
0-1: Ground out 1-3 (Groundball, 34S, EV 73.1 MPH)
Top of the 5th over - 2 runs, 3 hits, 0 errors, 2 left on base; Tacoma 3 - Tucson 3
BOTTOM OF THE 5TH
Tucson Sidewinders batting - Pitching for Tacoma Rainiers : RHP Bill Lingenfelter
Batting: RHB Gael Rumley 0-0: Ball
1-0: Called Strike
1-1: Called Strike
1-2: Ball
2-2: Fly out, F7 (Flyball, 7LSF, EV 98.1 MPH)
Batting: LHB Rob Ferro 0-0: Called Strike
0-1: Ball
1-1: Swinging Strike
1-2: Strikes out swinging
Batting: RHB Nitz George 0-0: Ball
1-0: Foul Ball, location: 2F
1-1: Ball
2-1: Ground out 6-3 (Groundball, 6, EV 103.1 MPH)
Bottom of the 5th over - 0 runs, 0 hits, 0 errors, 0 left on base; Tacoma 3 - Tucson 3
TOP OF THE 6TH
Tacoma Rainiers batting - Pitching for Tucson Sidewinders : RHP Rascoe Montenegro
Batting: RHB Jacob Cole 0-0: Ball
1-0: Called Strike
1-1: Ground out 6-3 (Groundball, 6, EV 88.1 MPH)
Batting: RHB James Kosub 0-0: Ground out 6-3 (Groundball, 6, EV 87.5 MPH)
Batting: LHB Owen Chandler 0-0: Foul Ball, location: 3FF
0-1: Foul Ball, location: 23F
0-2: Ball
1-2: Fly out, F9 (Flyball, 9S, EV 88.8 MPH)
Top of the 6th over - 0 runs, 0 hits, 0 errors, 0 left on base; Tacoma 3 - Tucson 3
BOTTOM OF THE 6TH
Tucson Sidewinders batting - Pitching for Tacoma Rainiers : RHP Bill Lingenfelter
Batting: RHB Angus Marvin 0-0: Foul Ball, location: 2F
0-1: Swinging Strike
0-2: Ball
1-2: Ball
2-2: Ball
3-2: Foul Ball, location: 9LMF
3-2: Ground out 6-3 (Groundball, 6, EV 87.5 MPH)
Pitching: RHP Jack Johnston
Batting: RHB Mark Christensen 0-0: Ball
1-0: Foul Ball, location: 2F
1-1: Foul Ball, location: 2F
1-2: Ball
2-2: Ball
3-2: Fly out, F8 (Line Drive, 78M, EV 100.6 MPH)
Batting: RHB Donato Deffenu 0-0: Ball
1-0: Fly out, F7 (Flyball, 7LM, EV 97.5 MPH)
Bottom of the 6th over - 0 runs, 0 hits, 0 errors, 0 left on base; Tacoma 3 - Tucson 3
TOP OF THE 7TH
Tacoma Rainiers batting - Pitching for Tucson Sidewinders : RHP Rascoe Montenegro
Batting: LHB Peter Haynes 0-0: Ground out 4-3 (Groundball, 4, EV 90.0 MPH)
Batting: RHB Jagger Macon 0-0: SINGLE (Line Drive, 8LS, EV 110.6 MPH)
Batting: LHB Cyprian Perkins 0-0: Foul Ball, location: 5SF
0-1: Foul Ball, location: 7LMF
0-2: Ball
1-2: Ball
2-2: Ball
3-2: DOUBLE (Flyball, 78D, EV 109.4 MPH)
Jagger Macon to third
Runner from 3rd tries for Home, SAFE, throw by CF to home
Batting: LHB Hugh Vidal 0-0: Fly out, F8 (Flyball, 89S, EV 86.3 MPH)
Batting: SHB Hugo Castillo 0-0: Foul Ball, location: 2F
0-1: Called Strike
0-2: Ball
1-2: Ground out 4-3 (Groundball, 4S, EV 81.3 MPH)
Top of the 7th over - 1 run, 2 hits, 0 errors, 1 left on base; Tacoma 4 - Tucson 3
BOTTOM OF THE 7TH
Tucson Sidewinders batting - Pitching for Tacoma Rainiers : RHP Jack Johnston
Batting: RHB Bobby Illsley 0-0: Ball
1-0: Foul Ball, location: 5F
1-1: Foul Ball, location: 23FF
1-2: Foul Ball, location: 5FF
1-2: Foul Ball, location: 3SF
1-2: Ball
2-2: Ball
3-2: Foul Ball, location: 2F
3-2: Strikes out looking
Batting: LHB Logan McDaniel 0-0: Ground out 4-3 (Groundball, 34, EV 89.4 MPH)
Batting: RHB Omar Soria 0-0: Called Strike
0-1: Ball
1-1: Foul Ball, location: 9LDF
1-2: Ground out 5-3 (Groundball, 56, EV 97.5 MPH)
Bottom of the 7th over - 0 runs, 0 hits, 0 errors, 0 left on base; Tacoma 4 - Tucson 3
TOP OF THE 8TH
Tacoma Rainiers batting - Pitching for Tucson Sidewinders : RHP Rascoe Montenegro
Batting: SHB David Aoki 0-0: Called Strike
0-1: Fly out, F9 (Flyball, 9LS, EV 95.6 MPH)
Batting: RHB Jacob Cole 0-0: Ball
1-0: Ball
2-0: Ball
3-0: Base on Balls
Batting: RHB James Kosub 0-0: Ball
1-0: Grounds into double play, 4-6-3 (Groundball, 4, EV 100.6 MPH)
Top of the 8th over - 0 runs, 0 hits, 0 errors, 0 left on base; Tacoma 4 - Tucson 3
BOTTOM OF THE 8TH
Tucson Sidewinders batting - Pitching for Tacoma Rainiers : RHP Jack Johnston
Batting: SHB E.J. Lunsford 0-0: Ball
1-0: Ball
2-0: Foul Ball, location: 25F
2-1: Ground out 4-3 (Groundball, 34S, EV 88.1 MPH)
Batting: LHB Rob Ferro 0-0: Foul Ball, location: 2F
0-1: Foul Ball, location: 9LMF
0-2: SINGLE (Line Drive, 3D, EV 99.4 MPH)
Batting: RHB Nitz George
Pinch Hitting: LHB Simon Pierce 0-0: Called Strike
0-1: Ball
1-1: Fly out, F8 (Flyball, 78S, EV 89.4 MPH)
Pinch Hitting: LHB John Edney 0-0: Ball
1-0: Called Strike
1-1: Swinging Strike
1-2: Strikes out swinging
Bottom of the 8th over - 0 runs, 1 hit, 0 errors, 1 left on base; Tacoma 4 - Tucson 3
TOP OF THE 9TH
Tacoma Rainiers batting - Pitching for Tucson Sidewinders : RHP Rascoe Montenegro
Pitching: LHP Jon Gardecki
Now in LF: Simon Pierce
Now in CF: John Edney
Batting: LHB Owen Chandler 0-0: Ball
1-0: Ball
2-0: Called Strike
2-1: Foul Ball, location: 3SF
2-2: Foul Ball, location: 5SF
2-2: Foul Ball, location: 25F
2-2: Ball
3-2: Base on Balls
Pinch Hitting: RHB Tario Lemonnier 0-0: Ball
1-0: Ball
2-0: Called Strike
2-1: Ball
3-1: Swinging Strike
3-2: SINGLE (Line Drive, 78D, EV 104.4 MPH)
Owen Chandler to second
Batting: RHB Jagger Macon 0-0: Swinging Strike
0-1: Foul Ball, location: 5SF
0-2: Grounds into double play, 4-6-3 (Groundball, 4, EV 101.3 MPH)
Owen Chandler to third
Batting: RHB Scotty Dang 0-0: Swinging Strike
0-1: Ball
1-1: Called Strike
1-2: Fly out, F8 (Flyball, 89M, EV 90.0 MPH)
Top of the 9th over - 0 runs, 1 hit, 0 errors, 1 left on base; Tacoma 4 - Tucson 3
BOTTOM OF THE 9TH
Tucson Sidewinders batting - Pitching for Tacoma Rainiers : RHP Jack Johnston
Pitching: RHP Gaman Ramage
Now in RF: Tario Lemonnier
Batting: RHB Mark Christensen 0-0: Foul Ball, location: 5F
0-1: Ball
1-1: Foul Ball, location: 2F
1-2: Ball
2-2: Foul Ball, location: 9LDF
2-2: Foul Ball, location: 25F
2-2: SINGLE (Groundball, 34D, EV 100.0 MPH)
Pinch Hitting: SHB Ezra Renfroe 0-0: Called Strike
0-1: Foul Ball, location: 2F
0-2: Fly out, F8 (Flyball, 8RM, EV 81.9 MPH)
Pinch Hitting: RHB Alanzo Moctezuma 0-0: Called Strike
0-1: Ball
1-1: Called Strike
1-2: Fielders Choice at 2nd, 1-6 (Groundball, 13S, EV 60.6 MPH)
Batting: LHB Logan McDaniel 0-0: Swinging Strike
0-1: Ball
1-1: Ball
2-1: Fly out, F7 (Flyball, 7D, EV 112.5 MPH)
Bottom of the 9th over - 0 runs, 1 hit, 0 errors, 1 left on base; Tacoma 4 - Tucson 3
Wednesday, April 24th , 2024 - OOTP Baseball 24.11 Build 85